 Dungeon Crawl Stone Soup version 0.25.1-2-g60ff931df9 (webtiles) character file.

Game seed: 11035463158368820525

91 Erymatos the Chopper (level 4, -1/41 HPs)
             Began as a Minotaur Berserker on Nov 10, 2020.
             Was a Believer of Trog.
             Slain by Grinder (2 damage)
             ... while paralysed by Grinder
             ... on level 3 of the Dungeon.
             The game lasted 00:01:22 (1457 turns).

Erymatos the Chopper (Minotaur Berserker)           Turns: 1457, Time: 00:01:22

Health: -1/41      AC:  5    Str: 22    XL:     4   Next: 34%
Magic:  3/3        EV:  2    Int:  4    God:    Trog [**....]
Gold:   95         SH:  0    Dex: 10    Spells: 3/3 levels left

rFire    . . .     SeeInvis .   l - +0 hand axe (drain)
rCold    . . .     Gourm    .   (no shield)
rNeg     . . .     Faith    .   p - +0 ring mail
rPois    .         Spirit   .   (helmet restricted)
rElec    .         Reflect  +   (no cloak)
rCorr    .         Harm     .   (no gloves)
MR       .....                  (no boots)
Stlth    ..........             k - amulet of reflection
HPRegen  0.13/turn              (no ring)
MPRegen  0.08/turn              (no ring)

@: paralysed
A: retaliatory headbutt, horns 2
a: Berserk, Trog's Hand, Renounce Religion


You were on level 3 of the Dungeon.
You worshipped Trog.
Trog was pleased with you.
You were not hungry.

You visited 1 branch of the dungeon, and saw 3 of its levels.

You collected 95 gold pieces.

Inventory:

Hand Weapons
 a - a +0 hand axe
 l - a +0 hand axe of draining (weapon)
Armour
 b - a +0 animal skin
 p - a +0 ring mail (worn)
Jewellery
 k - an amulet of reflection (around neck)
Scrolls
 d - a scroll of magic mapping {unknown}
 f - a scroll of teleportation {unknown}
 i - 2 scrolls of remove curse {unknown}
 j - a scroll of identify {unknown}
 o - a scroll of enchant armour {unknown}
Potions
 e - a potion of invisibility {unknown}
 h - a potion of berserk rage {unknown}
 m - 2 potions of mutation {unknown}
 n - a potion of resistance {unknown}
Comestibles
 c - 4 rations
 g - 3 chunks of flesh


   Skills:
 + Level 4.6 Fighting
 + Level 5.0 Axes
 + Level 2.8 Armour
 + Level 2.6 Dodging
 - Level 0.1 Stealth


You had 3 spell levels left.
You didn't know any spells.
Your spell library was empty.

Dungeon Overview and Level Annotations

Branches:
Dungeon (3/15)

Altars:
Wu Jian

Annotations:
D:3 Grinder


Innate Abilities, Weirdness & Mutations

You reflexively headbutt those who attack you in melee.
You have a pair of horns on your head.


Message History

Grinder is heavily wounded.
Grinder barely misses you. You furiously retaliate!
You headbutt Grinder!
Grinder is nearby!
You hit Grinder. Your headbutt misses Grinder.
Grinder is severely wounded.
Grinder hits you but does no damage.
Unknown command.
You hit Grinder.
Grinder is severely wounded.
Grinder gestures at you.
You suddenly lose the ability to move!
Grinder hits you.
You writhe in agony.
Grinder hits you!
* * * LOW HITPOINT WARNING * * *
You writhe in agony.
* * * LOW HITPOINT WARNING * * *
Grinder hits you.
* * * LOW HITPOINT WARNING * * *
You writhe in agony.
You die...

### #.. #.# #.#
#.# #.# #5# #@#
#.# #.# #.#
#.#.( #.#.#####
#######.#.#...#
#.......#.#...#
#.......#.#...#


You could see Grinder.

Vanquished Creatures
  Jessica (D:2)
  A worker ant (D:3)
  An adder (D:3)
  A worm (D:2)
  An orc (D:3)
  2 bats
  A giant cockroach (D:1)
  9 goblins
  3 hobgoblins (D:2)
  3 kobolds
  3 frilled lizards (D:1)
  5 rats
31 creatures vanquished.

Notes
Turn   | Place    | Note
-------+----------+-------------------------------------------
     0 | D:1      | Erymatos the Minotaur Berserker began the quest for the
                  | Orb.
     0 | D:1      | Reached XP level 1. HP: 19/19 MP: 0/0
   410 | D:1      | Reached skill level 4 in Axes
   410 | D:1      | Reached XP level 2. HP: 25/27 MP: 1/1
   754 | D:2      | Noticed Jessica
   759 | D:2      | Killed Jessica
   759 | D:2      | Reached XP level 3. HP: 29/34 MP: 2/2
   801 | D:2      | Found an ornate altar of the Wu Jian Council.
  1327 | D:3      | Reached ** piety under Trog
  1327 | D:3      | Reached XP level 4. HP: 35/41 MP: 3/3
  1418 | D:3      | Reached skill level 5 in Axes
  1443 | D:3      | Noticed Grinder
  1454 | D:3      | Paralysed by Grinder for 5 turns
  1457 | D:3      | HP: 1/41 [Grinder (4)]
  1457 | D:3      | Slain by Grinder

Illustrated notes

Levels and vault maps discovered:
D:1:      minmay_arrival_widening_spiral_wide, layout_rooms
D:2:      layout_basic, overflow_temple_1_default, uniq_jessica
D:3:      layout_basic, uniq_terence, uniq_grinder

Skill      XL: |  1  2  3  4 |
---------------+-------------+-----
Axes           | 4 5 |  5.0
Fighting       | 4 |  4.6
Armour         | |  2.8
Dodging        | |  2.6
Stealth        | |  0.1

Action                   |  1- 3 |  4- 6 || total
-------------------------+-------+-------++-------
Melee: Hand axe          |    49 |    13 ||    62
       Headbutt          |    10 |     3 ||    13
 Stab: Sleeping          |     1 |       ||     1
  Eat: Chunk             |     1 |     1 ||     2
Armor: Animal skin       |     3 |       ||     3
       Ring mail         |     2 |     2 ||     4
Dodge: Dodged            |    24 |     4 ||    28
Block: Other             |     5 |     1 ||     6
       Reflection        |     2 |       ||     2
